 Dungeon Crawl Stone Soup version 0.22-a0-166-g5351223 (webtiles) character file.

47 Borgoz the Skirmisher (level 3, 0/33 HPs)
             Began as a Ghoul Abyssal Knight on Feb 13, 2018.
             Was a Follower of Lugonu.
             Slain by an adder (5 damage)
             ... on level 2 of the Dungeon.
             The game lasted 00:01:46 (858 turns).

Borgoz the Skirmisher (Ghoul Abyssal Knight)         Turns: 858, Time: 00:01:46

Health: 0/33       AC:  5    Str: 16    XL:     3   Next: 70%
Magic:  3/3        EV: 11    Int:  7    God:    Lugonu [*.....]
Gold:   20         SH:  0    Dex:  8    Spells: 2/2 levels left

rFire    + . .     SeeInvis .     - Unarmed
rCold    + + .     Gourm    .   (no shield)
rNeg     + + +     Faith    .   l - +2 leather armour {rF+}
rPois    ∞         Spirit   .   (no helmet)
rElec    .         Reflect  .   (no cloak)
rCorr    .         Harm     .   (no gloves)
MR       .....                  (no boots)
Stlth    +.........             (no amulet)
HPRegen  0.00/turn              i - ring of protection from cold
MPRegen  0.08/turn              (no ring)

@: rotting
A: rotting body, claws 1, carnivore, cold resistance 1, negative energy
resistance 3, inhibited regeneration, torment resistance, unbreathing
a: Depart the Abyss, Renounce Religion


You were on level 2 of the Dungeon.
You worshipped Lugonu.
Lugonu was aware of your devotion.
You were not hungry.

You visited 1 branch of the dungeon, and saw 2 of its levels.
You visited the Abyss 1 time.

You collected 20 gold pieces.

Inventory:

Armour
 h - a +0 ring mail
 l - a +2 leather armour of fire resistance (worn)
Jewellery
 i - a ring of protection from cold (left claw)
Scrolls
 d - a scroll of identify {unknown}
 e - a scroll of enchant weapon {unknown}
 f - 3 scrolls of noise {unknown}
 g - a scroll of enchant armour {unknown}
 j - a scroll of fog {unknown}
 k - a scroll of teleportation {unknown}
Potions
 c - a potion of agility {unknown}
 m - a potion of might {unknown}
Comestibles
 a - 6 chunks of flesh
 b - 2 rations


   Skills:
 * Level 3.9 Fighting
 + Level 2.1 Armour
 + Level 1.2 Dodging
 * Level 3.0 Unarmed Combat
 + Level 2.2 Invocations


You had 2 spell levels left.
You didn't know any spells.

Dungeon Overview and Level Annotations

Branches:
Dungeon (2/15)

Altars:


Innate Abilities, Weirdness & Mutations

Your body is rotting away.
You thrive on raw meat.
You are immune to poison.
You have sharp fingernails.
You are carnivorous and can eat meat at any time.
Your flesh is cold resistant. (rC+)
You are immune to negative energy. (rN+++)
You do not regenerate when monsters are visible.
You are immune to unholy pain and torment.
You can survive without breathing.


Message History

The adder is lightly wounded.
The adder barely misses you. The adder bites you but does no damage.
You closely miss the adder.
The adder is lightly wounded.
The adder barely misses you.
You barely miss the adder.
The adder is lightly wounded.
The adder barely misses you.
You closely miss the adder.
The adder is lightly wounded.
The adder bites you.
You scratch the adder but do no damage.
The adder is lightly wounded.
The adder bites you.
* * * LOW HITPOINT WARNING * * *
The adder barely misses you.
You scratch the adder but do no damage.
The adder is lightly wounded.
The adder bites you.
You die...

#......# ..... #......+
.#### #......# # #..?...#
# #......# # #......# #
#......# #
#.....g############ #
#.....gS@.........#######
#################.#......
#.#.####. #.#.#....
#.#.##.#. #.#....#.
#.######. #........
#########


You could see an adder and 2 goblins.

Vanquished Creatures
  An adder (D:2)
  3 leopard geckos (D:1)
  A ball python (D:2)
  3 bats (D:1)
  A giant cockroach (D:1)
  6 goblins
  6 hobgoblins
  2 jackals (D:2)
  4 kobolds (D:1)
  4 rats (D:1)
31 creatures vanquished.

Notes
Turn   | Place    | Note
-------+----------+-------------------------------------------
     0 | Abyss:1  | Borgoz the Ghoul Abyssal Knight began the quest for the Orb.
     0 | Abyss:1  | Reached XP level 1. HP: 19/19 MP: 1/1
     3 | Abyss:1  | Found a corrupted altar of Lugonu.
    93 | Abyss:1  | Noticed a jelly
    96 | Abyss:1  | Noticed a ynoxinul
    97 | D:1      | Escaped the Abyss
   146 | D:1      | Reached skill level 1 in Dodging
   161 | D:1      | Reached XP level 2. HP: 20/26 MP: 2/2
   196 | D:1      | Reached * piety under Lugonu
   497 | D:1      | Reached XP level 3. HP: 27/33 MP: 3/3
   858 | D:2      | Slain by an adder

Vault maps used:
D:1:      lightli_arrival_maybe_door_vault
D:2:      nicolae_tso_carved_into_rock
Abyss:1:  evilmike_abyss_exit_mutagenic

Skill      XL: |  1  2  3 |
---------------+----------+-----
Dodging        | 1 |  1.2
Armour         | 2 |  2.1
Unarmed Combat | 3 |  3.0
Fighting       | |  3.9
Invocations    | |  2.2

Action                   || total
-------------------------++-------
Melee: Unarmed           ||   129
       Punch             ||     1
Invok: Depart the Abyss  ||     1
  Eat: Chunk             ||     9
Armor: Leather armour    ||    28
       Ring mail         ||    24
Dodge: Dodged            ||    88

Table legend:
 A = Spawn XP
 B = Non-spawn XP
 C = Spawn XP percentage of total XP
 D = Spawn monster count
 E = Non-spawn monster count
 F = Spawn count percentage of total count
 G = Total turns spent on level
                    A         B        C        D         E        F      G
               +---------+---------+-------+---------+---------+-------+---------
         Total |       0 |      68 |   0.0 |       0 |      31 |   0.0 |   858
               +---------+---------+-------+---------+---------+-------+---------
           D:1 |       0 |      41 |   0.0 |       0 |      23 |   0.0 |   586
           D:2 |       0 |      27 |   0.0 |       0 |       8 |   0.0 |   175
               +---------+---------+-------+---------+---------+-------+---------
